 Dungeon Crawl Stone Soup version 0.22-a0-571-g4a923d4 (webtiles) character file.

84 iamserjio the Shield-Bearer (level 4, -1/29 HPs)
             Began as a Gargoyle Fighter on July 1, 2018.
             Slain by a frilled lizard (2 damage)
             ... on level 5 of the Dungeon.
             The game lasted 00:02:06 (315 turns).

iamserjio the Shield-Bearer (Gargoyle Fighter)       Turns: 315, Time: 00:02:06

Health: -1/29      AC: 10    Str: 24    XL:     4   Next: 46%
Magic:  4/4        EV:  7    Int:  9    God:
Gold:   31         SH:  9    Dex: 10    Spells: 3/3 levels left

rFire    . . .     SeeInvis .   a - +0 war axe
rCold    . . .     Gourm    .   c - +0 shield
rNeg     + . .     Faith    .   b - +0 scale mail
rPois    ∞         Spirit   .   (no helmet)
rElec    +         Reflect  .   (no cloak)
rCorr    .         Harm     .   (no gloves)
MR       .....                  (no boots)
Stlth    ..........             (no amulet)
HPRegen  0.09/turn              e - ring of poison resistance
MPRegen  0.09/turn              (no ring)

@: mighty
A: negative energy resistance 1, electricity resistance, unbreathing,
petrification resistance, rot immunity, AC +3
a: no special abilities


You were on level 5 of the Dungeon.
You were not hungry.

You visited 1 branch of the dungeon, and saw 5 of its levels.

You collected 31 gold pieces.

Inventory:

Hand Weapons
 a - a +0 war axe (weapon)
Armour
 b - a +0 scale mail (worn)
 c - a +0 shield (worn)
Jewellery
 e - a ring of poison resistance (left hand)
Scrolls
 g - 2 scrolls of identify {@r1}
 h - a scroll of enchant weapon
 i - a scroll of magic mapping {unknown}
Comestibles
 f - 2 rations


   Skills:
 + Level 3.8 Fighting
 * Level 3.0 Axes
 + Level 3.8 Armour
 + Level 3.8 Shields


You had 3 spell levels left.
You didn't know any spells.
Your spell library was empty.

Dungeon Overview and Level Annotations

Branches:
Dungeon (5/15)
 Temple: D:4-7

Altars:


Innate Abilities, Weirdness & Mutations

You are resistant to torment.
Your stone body is resilient. (AC +3)
You are immune to poison.
You resist negative energy. (rN+)
You are resistant to electric shocks. (rElec)
You can survive without breathing.
You are immune to petrification.
You are immune to rotting.


Message History

Your Axes skill increases to level 3!
The hound bites you.
* * * LOW HITPOINT WARNING * * *
You block the hound zombie's attack. The hound bites you but does no damage.
The gnoll closely misses you.
You closely miss the hound. You barely miss the gnoll.
You slash the hound zombie! You block the hound's attack.
The hound zombie bites you but does no damage.
The gnoll hits you.
* * * LOW HITPOINT WARNING * * *
The hound completely misses you. You block the hound zombie's attack.
The gnoll completely misses you.
You barely miss the hound. You hit the gnoll but do no damage.
You miss the frilled lizard.
Your shield prevents you from hitting the hound zombie.
You block the hound's attack. You block the hound zombie's attack.
You block the frilled lizard's attack. The hound barely misses you.
The hound zombie bites you but does no damage.
The gnoll hits you but does no damage. The frilled lizard bites you.
You die...

$######## #######
...%....######..)..#####
#.....#..(...#.#).......
.........###.....#<#####
.#.#.l@.# #.#.###.#
......ghZ# #..........
..#.#...## #.##.####..
.......# #.. .# ..
#....>#.# #.# .# ..
......... ... .. .##
.#..##.## ## .. # ... .
...


You could see a hound, a gnoll, a hound zombie and a frilled lizard.

Vanquished Creatures
  A worker ant (D:4)
  A gnoll (D:1)
  2 adders
  A worm (D:3)
  A dart slug (D:1)
  4 orcs (D:5)
  2 goblins (D:3)
  2 hobgoblins
  5 jackals
  3 kobolds
  2 bats (D:1)
  2 rats
26 creatures vanquished.

Notes
Turn   | Place    | Note
-------+----------+-------------------------------------------
     0 | D:1      | iamserjio the Gargoyle Fighter began the quest for the Orb.
     0 | D:1      | Reached XP level 1. HP: 14/14 MP: 1/1
    54 | D:1      | Reached XP level 2. HP: 12/19 MP: 2/2
   135 | D:3      | Reached XP level 3. HP: 8/23 MP: 3/3
   156 | D:3      | HP: 1/23 [worm (7)]
   212 | D:4      | Reached XP level 4. HP: 3/29 MP: 4/4
   291 | D:5      | Entered Level 5 of the Dungeon
   314 | D:5      | HP: 1/29 [gnoll (6)]
   315 | D:5      | Slain by a frilled lizard

Vault maps used:
D:1:      sevenhm_arrival_forest_fort_large_2, corexii_item_surrounded_by_moat,
          nemelex_altar_shiori
D:3:      lemuel_round_altar
D:4:      first_ration
D:5:      minmay_temple_entry_purple_smoke, kennysheep_crisscross, st_stairs_2

Skill      XL: |  1  2  3  4 |
---------------+-------------+-----
Axes           | 2 3 |  3.0
Fighting       | |  3.8
Armour         | |  3.8
Shields        | |  3.8

Action                   |  1- 3 |  4- 6 || total
-------------------------+-------+-------++-------
Melee: War axe           |    49 |    12 ||    61
  Use: Potion            |     1 |     1 ||     2
       Scroll            |     1 |       ||     1
Armor: Scale mail        |    44 |    14 ||    58
Dodge: Dodged            |    21 |    10 ||    31
Block: Shield            |    34 |    17 ||    51

Table legend:
 A = Spawn XP
 B = Non-spawn XP
 C = Spawn XP percentage of total XP
 D = Spawn monster count
 E = Non-spawn monster count
 F = Spawn count percentage of total count
 G = Total turns spent on level
                    A         B        C        D         E        F      G
               +---------+---------+-------+---------+---------+-------+---------
         Total |       0 |     121 |   0.0 |       0 |      26 |   0.0 |   315
               +---------+---------+-------+---------+---------+-------+---------
           D:1 |       0 |      29 |   0.0 |       0 |       9 |   0.0 |    92
           D:2 |       0 |       4 |   0.0 |       0 |       2 |   0.0 |    37
           D:3 |       0 |      18 |   0.0 |       0 |       8 |   0.0 |    38
           D:4 |       0 |      45 |   0.0 |       0 |       2 |   0.0 |   124
           D:5 |       0 |      25 |   0.0 |       0 |       5 |   0.0 |    24
               +---------+---------+-------+---------+---------+-------+---------
